Cogmind - Beta 13 @@@ ROGUE MODE // 2024.05.26 @ 14:32:21 Player: Baxter Result: Destroyed by H-61 Shepherd with Heavy Assault Cannon Performance ------------- Evolutions (3) 1500 Regions Visited (7) 1400 Robots Destroyed (49) 245 Value Destroyed (1138) 1138 Prototype IDs (4) 80 Alien Tech Used (0) 0 Bonus (927) 927 TOTAL SCORE: 5290 Bonus ------- High Alert Combat Kills 44 Follower Combat Kills 383 Entered DSFs 500 Cogmind --------- Core Integrity 0/700 Matter 300/300 Energy 100/100 System Corruption 0% Temperature Cool (9) Movement Core (350) Ox6 Location -7/DSF Parts ------- > --- POWER (1) -------- (None) > --- PROPULSION (4) --- (None) > --- UTILITY (5) ------ Large Storage Unit Advanced Visual Processing Unit Improved Signal Interpreter > --- WEAPON (3) ------- (None) > --- INVENTORY (15) --- Compact Matter Pod (150) Compact Matter Pod (150) Structural Scanner Advanced Melee Analysis Suite Advanced Melee Analysis Suite Advanced Melee Analysis Suite Advanced Melee Analysis Suite Advanced Melee Analysis Suite Advanced Melee Analysis Suite Hacking Suite EM Shotgun Proton Cannon Enhanced Autogun Improved Grenade Launcher Makeshift Hammer Peak State ------------ > --- POWER ------------ Heavy Ion Engine > --- PROPULSION ------- Carbon-fiber Leg Carbon-fiber Leg VSS Leg Armored Wheel > --- UTILITY ---------- Large Storage Unit Advanced Visual Processing Unit Improved Signal Interpreter Hardened Light Armor Plating Hardened Medium Armor Plating > --- WEAPON ----------- Enhanced Autogun Enhanced Autogun Makeshift Sword > --- INVENTORY -------- Micro Nuclear Core Medium Storage Unit Compact Matter Pod Compact Matter Pod Structural Scanner Trap Scanner Improved Sensor Array Seismic Detector Hardened Light Armor Plating Hacking Suite EM Shotgun Heavy Ion Cannon Enhanced Autogun Improved Grenade Launcher Makeshift Hammer [Rating: 42] Favorites ----------- Power Ion Engine Engine Ion Engine Power Core Light Nuclear Core Propulsion Carbon-fiber Leg Treads Light Treads Leg Carbon-fiber Leg Wheel Wheel Hover Unit Aerolev Unit Flight Unit Improved Flight Unit Utility Large Storage Unit Device Seismic Detector Storage Large Storage Unit Processor Improved Signal Interpreter Protection Hardened Light Armor Plating Weapon Light Assault Rifle Energy Gun EM Shotgun Ballistic Gun Light Assault Rifle Launcher Rocket Launcher Impact Weapon Makeshift Hammer Slashing Weapon Makeshift Sword Build | -11 -10 -10 -10 -9 -8 -7 -7 ------- Run | Yrd Mat Min Exi Min Mat Fac DSF Slots Evolved 6 | . . . . . 4 2 . Power . | . . . . . . . . Propulsion 2 | . . . . . 1 1 . Utility 3 | . . . . . 3 . . Weapon 1 | . . . . . . 1 . Parts Attached 78 | 8 10 4 2 1 42 6 5 Power 9 | 1 . 2 1 . 4 . 1 Engine 5 | 1 . 1 . . 3 . . Core 4 | . . 1 1 . 1 . 1 Reactor . | . . . . . . . . Propulsion 21 | 3 4 1 . . 12 1 . Treads 2 | . 2 . . . . . . Leg 10 | . . . . . 10 . . Wheel 7 | 3 2 1 . . . 1 . Hover 1 | . . . . . 1 . . Flight 1 | . . . . . 1 . . Utility 21 | 2 2 1 . . 9 3 4 Device 9 | 1 1 1 . . 4 1 1 Storage 3 | 1 1 . . . 1 . . Processor 2 | . . . . . . 2 . Hackware . | . . . . . . . . Protection 7 | . . . . . 4 . 3 Artifact . | . . . . . . . . Weapon 27 | 2 4 . 1 1 17 2 . Energy Gun 4 | . . . . . 4 . . Energy Cannon . | . . . . . . . . Ballistic Gun 12 | 2 2 . . . 7 1 . Ballistic Cannon . | . . . . . . . . Launcher 2 | . 1 . . 1 . . . Special Weapon . | . . . . . . . . Impact Weapon 3 | . 1 . . . 2 . . Slashing Weapon 6 | . . . 1 . 4 1 . Piercing Weapon . | . . . . . . . . Special Melee Weapon . | . . . . . . . . Unidentified Prototypes 4 | . . . . . 4 . . Parts Lost 14 | . 1 . . . 1 . 12 Power 2 | . . . . . 1 . 1 Propulsion 5 | . 1 . . . . . 4 Utility 4 | . . . . . . . 4 Weapon 3 | . . . . . . . 3 Highest Loss Streak 9 | . 1 . . . 1 . 9 To Critical Strikes 1 | . . . . . . . 1 Average Slot Usage (%) 97 | . 99 97 100 100 97 97 85 Engine 7 | . 14 7 . . 6 7 5 Core 3 | . . 4 14 14 2 . 1 Treads 6 | . 11 14 14 14 . . . Leg 13 | . . . . . 26 23 15 Wheel 7 | . 16 14 14 14 . 6 6 Device 17 | . 14 14 14 14 22 15 5 Storage 11 | . 14 14 14 14 9 7 7 Processor 1 | . . . . . . 12 15 Protection 5 | . . . . . 11 2 5 Energy Gun 1 | . . . . . 3 . . Ballistic Gun 18 | . 27 28 18 3 12 19 12 Slashing Weapon 2 | . . . 9 14 2 1 6 Naked Turns . | . . . . . . . . Heaviest Build 50 | 13 30 28 29 32 50 50 49 Greatest Support 50 | 26 20 16 10 10 50 42 12 Greatest Overweight (x) 8 | . 2 2 2 3 1 3 8 Average Overweight (x) 1 | . 1 1 2 2 . 2 3 Largest Inventory Capacity 15 | 8 15 15 15 15 15 15 15 Average Capacity 14 | 6 14 15 15 15 15 15 15 Most Carried 15 | 8 15 15 15 15 15 15 15 Average Carried 14 | 4 13 14 14 15 14 14 14 Final Capacity 15 | 8 15 15 15 15 15 15 15 Final Carried 15 | 8 13 14 15 15 15 14 15 Class Distribution -------------------- 82% | Mutant 13% | Scavenger-Mutant Dominant Class ---------------- Mutant | -10/Materials Mutant | -10/Mines Mutant | -10/Exiles Mutant | -9/Mines Mutant | -8/Materials Scavenger-Skirmisher | -7/Factory Mutant | -7/DSF Resources | -11 -10 -10 -10 -9 -8 -7 -7 ----------- Run | Yrd Mat Min Exi Min Mat Fac DSF Matter Collected 1703 | 290 139 96 27 41 928 153 29 Remotely . | . . . . . . . . Salvage Created 1741 | 115 299 68 96 93 1070 . . Parts 127 | 8 28 11 3 7 70 . . Haulers Intercepted 4 | . 1 . . . 3 . . Recyclers Shooed 1 | . 1 . . . . . . Parts Field Recycled . | . . . . . . . . Retrieved Matter . | . . . . . . . . Parts Self-Destructed . | . . . . . . . . Prevented . | . . . . . . . . Kills | -11 -10 -10 -10 -9 -8 -7 -7 ------- Run | Yrd Mat Min Exi Min Mat Fac DSF Combat Hostiles Destroyed 31 | . 9 . . 3 19 . . Guns 25 | . 6 . . . 19 . . AOE 6 | . 3 . . 3 . . . Classes Destroyed 10 | 2 4 . . . 4 . . Builder 4 | . 3 1 . . . . . Tunneler 5 | 1 . 2 . 2 . . . Hauler 4 | . 1 . . . 3 . . Recycler 1 | 1 . . . . . . . Operator 1 | . . . . . 1 . . Watcher 3 | . . . . . 3 . . Swarmer 12 | . 6 . . . 6 . . Grunt 10 | . 3 . . 3 4 . . Sentry 8 | . . . . . 8 . . Hunter 1 | . . . . . 1 . . Best Kill Streak 6 | 2 6 1 . 5 4 . . Combat Bots Only 6 | . 6 . . 3 4 . . Max Kills in Single Turn 3 | 1 3 1 . 3 1 . . Gunslinging . | . . . . . . . . Exploded 3 | . 3 . . 1 . . . Melee . | . . . . . . . . Uniques/NPCs Destroyed . | . . . . . . . . Combat | -11 -10 -10 -10 -9 -8 -7 -7 -------- Run | Yrd Mat Min Exi Min Mat Fac DSF Hostile Shots Fired 390 | . 58 3 . 2 138 . 189 Missed 133 | . 18 1 . 1 42 . 71 Damage Taken 3555 | . 378 22 . 17 1356 . 1782 Core 935 | . 54 . . . 146 . 735 Absorbed by Shields 23 | . . . . . . . 23 Core Remaining (%) 83 | 100 . . . 78 73 . . Volleys Fired 162 | 5 35 15 . 3 104 . . Largest 2 | 2 2 2 . 1 2 . . Hottest 90 | 40 40 40 . 33 90 . . Shots Fired 298 | 10 70 30 1 3 184 . . Gun 294 | 10 69 30 1 . 184 . . Cannon . | . . . . . . . . Launcher 4 | . 1 . . 3 . . . Special . | . . . . . . . . Kinetic 284 | 10 69 30 1 . 174 . . Thermal . | . . . . . . . . Explosive 4 | . 1 . . 3 . . . Electromagnetic 10 | . . . . . 10 . . Robot Hit Streak 14 | 1 13 8 . 2 14 . . Robot Miss Streak 4 | 1 4 4 3 4 4 . . Penetration Max . | . . . . . . . . Secondary Targets . | . . . . . . . . Shots Hit Robots 197 | 5 45 17 7 2 121 . . Core Hits 86 | 4 22 6 3 9 42 . . Critical Kills 1 | . . . . . 1 . . Critical Parts Destroyed . | . . . . . . . . Critical Strikes 2 | . . . . . 2 . . Destroy 1 | . . . . . 1 . . Sever 1 | . . . . . 1 . . Melee Attacks 27 | . 2 . 8 . 16 1 . Impact 4 | . 2 . . . 2 . . Slashing 23 | . . . 8 . 14 1 . Piercing . | . . . . . . . . Sneak Attacks 4 | . 1 . . . 3 . . Combat Hostiles . | . . . . . . . . Follow-up Attacks . | . . . . . . . . Damage Inflicted 3712 | 41 507 138 504 339 2183 . . Guns 2378 | 41 324 138 . . 1875 . . Cannons . | . . . . . . . . Explosions 436 | . 97 . . 339 . . . Melee 898 | . 86 . 504 . 308 . . Ramming . | . . . . . . . . Kinetic 2291 | 41 324 138 . . 1788 . . Thermal . | . . . . . . . . Explosive 436 | . 97 . . 339 . . . Electromagnetic 87 | . . . . . 87 . . Impact 86 | . 86 . . . . . . Slashing 812 | . . . 504 . 308 . . Piercing . | . . . . . . . . Highest Corruption 2 | . 2 2 2 2 . . . Average Corruption 2 | . 2 2 2 2 . . . Corruption Purged . | . . . . . . . . Corruption Blocked . | . . . . . . . . Effects 32 | . 6 17 7 2 . . . Message Errors 11 | . 1 6 3 1 . . . Matter Fused 3 | . . 3 . . . . . Heat Flow Errors 3 | . . 3 . . . . . Energy Discharges 3 | . . 2 1 . . . . Parts Rejected 1 | . . 1 . . . . . Parts Fused 1 | . . 1 . . . . . Data Loss (minor) 5 | . 2 1 1 1 . . . Data Loss (major) 1 | . . . 1 . . . . Misfires 2 | . 1 . 1 . . . . Alerts 2 | . 2 . . . . . . Overload Shots . | . . . . . . . . Overflow Damage 93 | . 66 . 16 . 11 . . Projectiles . | . . . . . . . . Explosions . | . . . . . . . . Melee 93 | . 66 . 16 . 11 . . Knockbacks . | . . . . . . . . Impact . | . . . . . . . . Kinetic . | . . . . . . . . Secondary . | . . . . . . . . Self-Inflicted Damage . | . . . . . . . . Shots . | . . . . . . . . Rammed . | . . . . . . . . Targets Rammed . | . . . . . . . . Kicked . | . . . . . . . . Crushed . | . . . . . . . . Highest Temperature 204 | . 12 200 4 7 204 . . Average Temperature 60 | . 7 78 4 5 60 . . Received Heat Transfer 681 | . 114 27 . 9 414 . 117 Siege Activations . | . . . . . . . . Robots Corrupted . | . . . . . . . . Combat Hostiles . | . . . . . . . . Parts Fried 1 | . 1 . . . . . . Impact Corruptions 1 | . 1 . . . . . . Robots Melted . | . . . . . . . . Combat Hostiles . | . . . . . . . . Parts Melted . | . . . . . . . . Heat Transferred . | . . . . . . . . Parts Sabotaged . | . . . . . . . . Parts Stolen . | . . . . . . . . Parts Stripped . | . . . . . . . . Power Chain Reactions . | . . . . . . . . Alert | -11 -10 -10 -10 -9 -8 -7 -7 ------- Run | Yrd Mat Min Exi Min Mat Fac DSF Peak Influence 497 | 10 167 182 . 127 497 257 179 Initial 226 | . 6 6 . . 49 226 179 Average 172 | 3 59 77 . 64 272 240 158 Maximum Alert Level 2 | . . . . . 2 1 . Low Security (%) 66 | 100 100 100 . 100 35 . 100 Level 1 24 | . . . . . 44 100 . Level 2 9 | . . . . . 20 . . Level 3 . | . . . . . . . . Level 4 . | . . . . . . . . Level 5 . | . . . . . . . . High Security . | . . . . . . . . Max Security . | . . . . . . . . Squads Dispatched 10 | . 2 1 . . 6 . 1 Investigation 2 | . 1 . . . 1 . . Extermination . | . . . . . . . . Reinforcement 4 | . 1 . . . 2 . 1 Assault 1 | . . 1 . . . . . Garrison 3 | . . . . . 3 . . Intercept . | . . . . . . . . Searches Triggered . | . . . . . . . . Construction Impeded . | . . . . . . . . Haulers Reinforced . | . . . . . . . . Active Scanning Responses . | . . . . . . . . Cargo Convoy Interrupts . | . . . . . . . . Stealth | -11 -10 -10 -10 -9 -8 -7 -7 --------- Run | Yrd Mat Min Exi Min Mat Fac DSF Distress Signals 10 | . 1 . . 1 8 . . Communications Jammed . | . . . . . . . . Distress Signals . | . . . . . . . . Times Spotted 81 | . 16 8 . 3 44 . 10 Peak Tracking Total 8 | . 7 4 . 3 5 . 8 Tactical Retreats 7 | . 2 1 . . 2 . 2 Traps | -11 -10 -10 -10 -9 -8 -7 -7 ------- Run | Yrd Mat Min Exi Min Mat Fac DSF Traps Triggered 6 | . 2 . . . . . 4 Indirectly . | . . . . . . . . Trap Hack Attempts . | . . . . . . . . Triggered . | . . . . . . . . Disarmed . | . . . . . . . . Reprogrammed . | . . . . . . . . Reused . | . . . . . . . . Traps Extracted . | . . . . . . . . Installed . | . . . . . . . . Triggered . | . . . . . . . . Machines | -11 -10 -10 -10 -9 -8 -7 -7 ---------- Run | Yrd Mat Min Exi Min Mat Fac DSF Machines Disabled 3 | . . . . . 3 . . Max in Single Turn 1 | . . . . . 1 . . Machines Repaired . | . . . . . . . . Machines Dismantled . | . . . . . . . . Machines Sabotaged . | . . . . . . . . Overloaded Fab Kills . | . . . . . . . . Hacking | -11 -10 -10 -10 -9 -8 -7 -7 --------- Run | Yrd Mat Min Exi Min Mat Fac DSF Machines Accessed 21 | . 6 2 . . 10 3 . Terminals 19 | . 5 2 . . 9 3 . Fabricators . | . . . . . . . . Repair Stations . | . . . . . . . . Recycling Units 2 | . 1 . . . 1 . . Scanalyzers . | . . . . . . . . Garrison Access . | . . . . . . . . Total Hacks 60 | . 20 7 . . 27 6 . Successful 37 | . 12 5 . . 17 3 . Failed 22 | . 7 2 . . 10 3 . Catastrophic 4 | . 1 . . . 2 1 . Database Lockouts 1 | . 1 . . . . . . Manual 49 | . 18 4 . . 22 5 . Terminals 56 | . 18 7 . . 25 6 . Fabricators . | . . . . . . . . Repair Stations . | . . . . . . . . Recycling Units 4 | . 2 . . . 2 . . Scanalyzers . | . . . . . . . . Garrison Access . | . . . . . . . . Terminal Hacks 10 | . 1 3 . . 5 1 . Robot Analysis 2 | . 1 1 . . . . . Open DSF 1 | . . . . . . 1 . Branch Access Points 2 | . . . . . 2 . . Terminal Index 1 | . . . . . 1 . . Unreport Threat 1 | . . . . . 1 . . Dispatch Records 1 | . . 1 . . . . . Zone Layout 2 | . . 1 . . 1 . . Fabricator Hacks . | . . . . . . . . Repair Station Hacks . | . . . . . . . . Recycling Unit Hacks 4 | . 2 . . . 2 . . Process 2 | . 1 . . . 1 . . Retrieve Matter 2 | . 1 . . . 1 . . Scanalyzer . | . . . . . . . . Garrison Access Hacks . | . . . . . . . . Unauthorized Hacks 23 | . 9 2 . . 10 2 . Terminals 23 | . 9 2 . . 10 2 . Track 4 | . 2 . . . 2 . . Assimilate 1 | . 1 . . . . . . Botnet 16 | . 5 2 . . 8 1 . Operators 2 | . 1 . . . . 1 . Fabricators . | . . . . . . . . Repair Stations . | . . . . . . . . Recycling Units . | . . . . . . . . Scanalyzers . | . . . . . . . . Garrison Access . | . . . . . . . . Data Cores Recovered . | . . . . . . . . Used . | . . . . . . . . Hacking Detections 16 | . 4 2 . . 8 2 . Full Trace Events 3 | . 1 1 . . 1 . . Feedback Events . | . . . . . . . . Feedback Blocked . | . . . . . . . . Robot Schematics Acquired . | . . . . . . . . Robots Built . | . . . . . . . . Authchips . | . . . . . . . . Time . | . . . . . . . . Total Robot Build Rating . | . . . . . . . . Part Schematics Acquired . | . . . . . . . . Parts Built . | . . . . . . . . Authchips . | . . . . . . . . Time . | . . . . . . . . Total Part Build Rating . | . . . . . . . . Parts Repaired . | . . . . . . . . Time . | . . . . . . . . Parts Recycled . | . . . . . . . . Recycled Matter 140 | . 128 . . . 12 . . Retrieved Matter 140 | . 128 . . . 12 . . Retrieved Components . | . . . . . . . . Parts Scanalyzed . | . . . . . . . . Part Schematics Acquired . | . . . . . . . . Parts Damaged . | . . . . . . . . Bothacking | -11 -10 -10 -10 -9 -8 -7 -7 ------------ Run | Yrd Mat Min Exi Min Mat Fac DSF Used RIF Installer . | . . . . . . . . Robots Hacked . | . . . . . . . . Non-combat . | . . . . . . . . Combat . | . . . . . . . . Robot Hacks Applied . | . . . . . . . . Relay Couplers Released . | . . . . . . . . Fabnet Peak Effective % . | . . . . . . . . Robots Rewired 1 | . . . 1 . . . . Allies Hacked . | . . . . . . . . Hacks Repelled . | . . . . . . . . Allies | -11 -10 -10 -10 -9 -8 -7 -7 -------- Run | Yrd Mat Min Exi Min Mat Fac DSF Total Allies 7 | . . 4 1 2 . . . Largest Group 5 | . . 3 3 5 5 . . Highest-Rated Group 99 | . . 63 55 99 99 . . Highest-Rated Ally 31 | . . 31 31 31 31 . . Total Orders . | . . . . . . . . Ally Attacks 78 | . . 22 3 5 48 . . Total Damage 1058 | . . 241 63 30 724 . . Kills 23 | . . 7 2 . 14 . . Allies Corrupted . | . . . . . . . . Allies Melted . | . . . . . . . . Intel | -11 -10 -10 -10 -9 -8 -7 -7 ------- Run | Yrd Mat Min Exi Min Mat Fac DSF Robot Analysis Total 2 | . 1 1 . . . . . Derelict Logs Recovered 3 | . . 3 . . . . . Drone Launches . | . . . . . . . . Drone Recoveries . | . . . . . . . . Exploration | -11 -10 -10 -10 -9 -8 -7 -7 ------------- Run | Yrd Mat Min Exi Min Mat Fac DSF Turns Passed 4638 | 88 887 811 402 118 1990 143 199 Spaces Moved 3022 | 69 647 642 333 92 1024 95 120 Core 15 | 10 . . . . . . 5 Treads 42 | . 42 . . . . . . Legs 1033 | . . . . . 1024 9 . Wheels 1932 | 59 605 642 333 92 . 86 115 Hover . | . . . . . . . . Flight . | . . . . . . . . Fastest Speed 50 | 50 80 110 110 110 116 135 120 Average Speed 126 | 81 113 114 110 121 148 139 147 Slowest Speed 450 | 90 240 115 110 125 200 186 450 Overloaded Moves . | . . . . . . . . Propulsion Burnouts . | . . . . . . . . Robots Hopped . | . . . . . . . . Cave-ins Triggered . | . . . . . . . . Exploration Rate (%) 54 | 4 80 97 77 22 74 3 79 Regions Visited 7 Branch Regions 3 Pre-discovered Areas 1 | . . 1 . . . . . Known Exits Taken 2 | . . . . . 1 1 . Unknown Exits Taken 5 | 1 1 1 1 1 . . . Scrap Searched 1 | . . 1 . . . . . Spaces Dug 9 | . 1 . . . 7 1 . Terrain Destroyed 41 | . 7 . . 26 7 1 . Melee 9 | . 1 . . . 7 1 . Projectile . | . . . . . . . . AOE 32 | . 6 . . 26 . . . Terrain Rammed . | . . . . . . . . Walls Destroyed . | . . . . . . . . Machines Disabled . | . . . . . . . . Actions | -11 -10 -10 -10 -9 -8 -7 -7 --------- Run | Yrd Mat Min Exi Min Mat Fac DSF Total 3585 | 88 747 698 365 95 1347 102 143 Wait 173 | . 37 22 . . 114 . . Move 3015 | 68 646 641 332 91 1023 94 120 Hop . | . . . . . . . . Pick Up 59 | 7 10 8 6 . 19 1 8 Fast Attach 16 | 7 . 1 . . 8 . . Attach 12 | . 1 . . . 7 2 2 Detach 2 | . . . . . 2 . . Swap 50 | 1 9 3 2 1 27 4 3 Drop 53 | . 7 8 6 . 27 . 5 Fire 162 | 5 35 15 . 3 104 . . Melee 27 | . 2 . 8 . 16 1 . Ram . | . . . . . . . . Kick . | . . . . . . . . Crush . | . . . . . . . . Escape Stasis 5 | . . . . . . . 5 Rewire 11 | . . . 11 . . . . Trap . | . . . . . . . . Miscellaneous . | . . . . . . . . Route ------- -11/Scrapyard -10/Materials (discovered 3 exits: [*Mat x2] / *Min) -10/Mines (discovered 3 exits: [*Mat x2] / [*Exi]) -10/Exiles -9/Mines -8/Materials (discovered 3 exits: *Fac x3) -7/Factory -7/DSF (discovered 1 exit: [*Fac]) History --------- Turn | Location | Event 15 | -11/Scrapyard | Discovered new exit (range 15) 89 | -11/Scrapyard | Entered Materials 318 | -10/Materials | Build established: Mutant 431 | -10/Materials | Discovered new exit (range 13) 593 | -10/Materials | Discovered new exit (range 4) 635 | -10/Materials | Central database locked down 811 | -10/Materials | Discovered new exit (range 3) 976 | -10/Materials | Entered Mines 1191 | -10/Mines | Received a Rocket Launcher from a helpful Derelict 1210 | -10/Mines | Learned Materials trap positions 1210 | -10/Mines | Assisted by bots powering up and referring to "LRC-V3" 1367 | -10/Mines | Deemed a non-threat by the Exiles lab entrance 1367 | -10/Mines | Discovered new exit (range 5) 1451 | -10/Mines | Met a Derelict testing a Signal Generator 1451 | -10/Mines | Discovered new exit (range 5) 1568 | -10/Mines | Learned 8 Materials zone layouts 1578 | -10/Mines | Learned location of Mines (-9) 1617 | -10/Mines | Discovered new exit (range 11) 1787 | -10/Mines | Entered Exiles 1787 | -10/Exiles | Found Exiles lab destroyed 1787 | -10/Exiles | Accompanied by 2 allies 2177 | -10/Exiles | Discovered new exit (range 11) 2189 | -10/Exiles | Entered Mines 2189 | -9/Mines | Accompanied by 3 allies 2193 | -9/Mines | Assembled infested the area 2292 | -9/Mines | Discovered new exit (range 9) 2307 | -9/Mines | Entered Materials 2307 | -8/Materials | Accompanied by 5 allies 2307 | -8/Materials | Evolved 4 slots: Propulsion x1, Utility x3 2308 | -8/Materials | Identified exit to Factory 2309 | -8/Materials | Loaded intel: 19 trap records 2312 | -8/Materials | Led the pair of lost Derelicts to an unsafe place 2602 | -8/Materials | Build established: Scavenger-Mutant 3222 | -8/Materials | Build established: Mutant 3225 | -8/Materials | Discovered exit to Factory (range 16) 3536 | -8/Materials | Garrison activated, responded to threat 3897 | -8/Materials | Discovered exit to Factory (range 4) 4297 | -8/Materials | Entered Factory 4297 | -7/Factory | Evolved 2 slots: Propulsion x1, Weapon x1 4440 | -7/Factory | Identified exit to DSF 4440 | -7/Factory | Entered DSF 4463 | -7/DSF | Additional patrols routed to DSF 4571 | -7/DSF | Lost 3 parts (1n2u) 4617 | -7/DSF | Discovered new exit (range 14) 4632 | -7/DSF | Core integrity fell below 50% 4639 | -7/DSF | Core integrity fell below 20% 4639 | -7/DSF | Destroyed by H-61 Shepherd with Heavy Assault Cannon Last Messages --------------- 04606_ Enh. Autogun destroyed. 04609_ Acquired Adv. Melee Analysis Suite. 04610_ Acquired 7 matter. 04610_ Triggered Alarm Trap. 04610_ An alarm sounds. 04612_ Hrd. Light Armor Plating destroyed. 04612_ Carbon-fiber Leg destroyed. 04615_ Mak. Sword destroyed. 04617_ EXIT=FOUND 04618_ Arm. Wheel destroyed. 04632_ C-30 ARC bursts open, deploying its payload. 04632_ G-50 Soldier unfolds itself. 04632_ G-47 Trooper unfolds itself. 04632_ Imp. Sensor Array destroyed. 04634_ Mic. Nuclear Core destroyed. 04638_ C-30 ARC bursts open, deploying its payload. 04638_ H-55 Commando unfolds itself. 04638_ Penetrated by Slug. Map ----- +----------------------------------------------------+ | ###########"####???????????????????? | | ####### !!!**##???????????????????? | | **# # !!!**##???????????????????? | | ##???????????????????? | | ##???????????????????? | | *#***### ####???????????????????? | | **#***### ####???????????????????? | | ####### !!##???????????????????? | | ####### !!##???????????????????? | | ####### !!##???????????????????? | | ##]]##### ####???????????????????? | | ## ]###!! !!##???????????????????? | | ] ####!! !!#????????????????????? | | #######!! !!##???????????????????? | | #####?### #################??????? | | ??????## ### ! #!!!## [[#??????? | | #!!!## "" #!!!## [[#??????? | | ^*!! #??????? | | ^ % #??????? | | % h #??????? | | [[# ## ##!!!# ##% #??????? | | [[# ### ###!!!# ##xHx #??????? | | #####?#?# #?########## ###??????? | | ???????!! /????????#!! #???????? | | ??????#!! /????????#!! #???????? | | ??????#!! /????????#!! @ #???????? | | ??????### ##???????###Y ##???????? | | ???????? !????????? ????????? | | ??????? !????????# ????????? | | ??????? !????????### ##???????? | | ??????### #??????????#gg#????????? | | ????????# ??????????? "????????? | | ???????? ??????????? "????????? | | ???????? ??????????? %<"????????? | | ????????[ ??????????#""""????????? | | ????????[ ??????????#""""????????? | | ??????????????????????##"##????????? | | ???????????????????????#"??????????? | | ???????????????????????????????????? | | ???????????????????????????????????? | | ???????????????????????????????????? | | ???????????????????????????????????? | | ???????????????????????????????????? | | ???????????????????????????????????? | | | | | | | | | | | | | +----------------------------------------------------+ Best States ------------- Heat Dissipation 34 Energy Generation 15 Energy Capacity 280 Matter Stores 450 Matter Capacity 450 Sight Range 20 Robot Scan Range 15 Terrain Scan Density 10 Armor Coverage 375 Evasion (%) 55 Recoil Reduction 1 Item Schematics ----------------- None Robot Schematics ------------------ None Fabricated ------------ Nothing Alien Tech Used ----------------- None Achievements -------------- None Challenges ------------ None Game ------ Seed NetworkFlightBlade Manual? 0 Play Time 00:43:29 Cumulative 103.4 hours Start 2024.05.25 @ 15:35:58 End 2024.05.26 @ 14:32:21 Sessions 3 Manual Loads 0 Difficulty Rogue Special Mode None Game No. 103 Rogue 103 Adventurer 0 Explorer 0 Win Type - Total 2 Types 1/0/0/1/0/0/0/0/0 Lore% 44 Gallery% 54 Achievement% 40 Wizard Run 0 Options --------- Layout 1 ASCII 0 Keyboard 0 Movement Numpad Keybinds 0 Fullscreen 2 Font 24/X11 Map View 50x35 Zoom Use 0% Tactical HUD 1 Map Filters NONE Filters NONE Steam 0 RUN: 04d202e8-0af3-4fde-95b3-19c25eb4ed16